 Dungeon Crawl Stone Soup version 0.25.1-2-g60ff931df9 (webtiles) character file.

Game seed: 4472405954842274199

622 Lavandula the Archer (level 7, 0/52 HPs)
             Began as a Centaur Arcane Marksman on Oct 4, 2020.
             Slain by Pikel
             ... wielding a +2 whip of freezing
              (3 damage)
             ... on level 5 of the Dungeon.
             The game lasted 00:10:43 (4729 turns).

Lavandula the Archer (Centaur Arcane Marksman)      Turns: 4729, Time: 00:10:44

Health: 0/52       AC:  4    Str: 13    XL:     7   Next: 22%
Magic:  8/8        EV: 10    Int: 12    God:
Gold:   132        SH:  0    Dex: 11    Spells: 5/8 levels left

rFire    . . .     SeeInvis .   a - +0 shortbow
rCold    . . .     Gourm    .   (shield currently unavailable)
rNeg     . . .     Faith    .   e - +0 robe
rPois    .         Spirit   .   (no helmet)
rElec    .         Reflect  .   (no cloak)
rCorr    .         Harm     .   (no gloves)
MR       .....                  (no barding)
Stlth    +.........             (no amulet)
HPRegen  0.17/turn              p - ring of flight
MPRegen  0.11/turn              (no ring)

@: invisible, very quick
A: large, hooves 3, deformed body, speed 2, tough skin 3
a: Evoke Flight


You were on level 5 of the Dungeon.
You were very hungry.

You visited 1 branch of the dungeon, and saw 5 of its levels.
You also visited: Sewer.

You collected 132 gold pieces.

Inventory:

Hand Weapons
 a - a +0 shortbow (weapon)
 i - a +0 spear
Missiles
 d - 4 arrows (quivered)
 g - 3 javelins
 k - 8 boomerangs
Armour
 e - a +0 robe (worn)
Jewellery
 p - a ring of flight (left hand)
Scrolls
 c - 3 scrolls of fear
 j - a scroll of random uselessness
 l - 7 scrolls of teleportation {unknown}
 n - 4 scrolls of enchant armour
 o - a scroll of immolation
 s - 2 scrolls of remove curse
 t - 3 scrolls of magic mapping
 y - a scroll of noise {unknown}
 z - a scroll of fog {unknown}
Potions
 h - 5 potions of might
 m - a potion of cancellation {unknown}
 q - a potion of mutation {unknown}
 r - 3 potions of haste
 u - a potion of berserk rage {unknown}
 v - a potion of magic {unknown}
 w - a potion of heal wounds {unknown}
 x - a potion of curing {unknown}
Comestibles
 f - 6 rations


   Skills:
 - Level 1.0 Fighting
 + Level 10.5 Bows
 - Level 1.3 Dodging
 - Level 1.0 Spellcasting
 - Level 2.6 Hexes


You had 5 spell levels left.
You knew the following spells:

 Your Spells              Type           Power        Failure   Level  Hunger
a - Corona                Hex            #......      10%         1    ##.....
b - Animate Skeleton      Necr           N/A          30%         1    ##.....
g - Apportation           Tloc           #.....       30%         1    ##.....

Your spell library contained the following spells:

 Spells                   Type           Power        Failure   Level  Hunger
 Slow                     Hex            #.......     16%         2    ###....
 Magic Dart               Conj           #...         30%         1    ##.....
 Summon Small Mammal      Summ           #...         30%         1    ##.....
 Searing Ray              Conj           #.....       41%         2    ###....
 Dazzling Flash           Conj/Hex       #.....       45%         3    ####...
 Inner Flame              Hex/Fire       #.......     45%         3    ####...
 Portal Projectile        Hex/Tloc       #.....       45%         3    ####...
 Cause Fear               Hex            #.........   69%         4    #####..
 Fulminant Prism          Conj/Hex       #.........   86%         4    #####..
 Leda's Liquefaction      Hex/Erth       #.........   86%         4    #####..
 Iskenderun's Mystic Bla  Conj/Tloc      #.......     96%         4    #####..


Dungeon Overview and Level Annotations

Branches:
Dungeon (5/15)              Sewer (visited)
 Temple: D:4-7

Altars:
Kikubaaqudgha

Shops:
D:4 }

Annotations:
D:5 Pikel


Innate Abilities, Weirdness & Mutations

You have hooves in place of feet.
Armour fits poorly on your strangely shaped body.
You cover ground very quickly.
You have extremely tough skin. (AC +3)


Message History

Press: ? - help, Shift-Dir - straight line, f/p - Pikel
Aim: Pikel, wielding a +2 whip of freezing and wearing a +0 robe (almost dead)
You shoot an arrow. The arrow closely misses Pikel.
The slave hits you.
Firing (i - inventory. (/) - cycle)
d - 5 arrows (quivered)
Press: ? - help, Shift-Dir - straight line, f/p - Pikel
Aim: Pikel, wielding a +2 whip of freezing and wearing a +0 robe (almost dead)
You shoot an arrow. The arrow hits Pikel.
Pikel is almost dead.
You hear a shout!
Pikel hits you with a +2 whip of freezing!
* * * LOW HITPOINT WARNING * * *
Pikel freezes you.
* * * LOW HITPOINT WARNING * * *
The slave hits you.
* * * LOW HITPOINT WARNING * * *
Okay, then.
Unknown command.
You fade into invisibility!
Pikel hits you with a +2 whip of freezing.
You die...

########### #.(..(ppK.#
#.#######@# #......<#p#
#..#K...#.# #..#.##.#.#
#..#.##...# #..#.######
#.##p# ##.####p#
........##################


You could see Pikel and 3 slaves.

Vanquished Creatures
  2 ogres (D:4)
  A scorpion (D:4)
  3 vampire bats (D:4)
  An orc priest (D:4)
  An orc wizard (D:4)
  A worker ant (D:5)
  6 adders
  5 river rats
  An ooze (D:4)
  3 worms
  2 dart slugs (D:2)
  3 leopard geckos
  An orc (D:4)
  8 bats
  5 bat skeletons (D:4)
  2 bat zombies (D:4)
  5 giant cockroaches
  5 goblins
  7 hobgoblins
  2 jackals (D:1)
  4 kobolds
  5 ball pythons
  15 frilled lizards
  A leopard gecko zombie (D:5)
  24 rats
113 creatures vanquished.

Notes
Turn   | Place    | Note
-------+----------+-------------------------------------------
     0 | D:1      | Lavandula the Centaur Arcane Marksman began the quest for
                  | the Orb.
     0 | D:1      | Reached XP level 1. HP: 16/16 MP: 2/2
   106 | D:1      | Reached skill level 3 in Bows
   204 | D:1      | Reached XP level 2. HP: 23/23 MP: 1/3
   438 | D:1      | Reached skill level 4 in Bows
  1206 | D:2      | Learned a level 1 spell: Apportation
  1211 | D:2      | Reached XP level 3. HP: 26/28 MP: 2/4
  1304 | D:2      | Reached skill level 5 in Bows
  1557 | D:2      | Learned a level 1 spell: Animate Skeleton
  1664 | D:2      | Reached XP level 4. HP: 35/35 MP: 5/5
  1706 | D:2      | Reached skill level 6 in Bows
  2967 | D:4      | Found Codarr's Gadget Shop.
  3047 | D:4      | Reached skill level 7 in Bows
  3047 | D:4      | Reached XP level 5. HP: 39/40 MP: 6/6
  3090 | D:4      | Noticed an ogre
  3125 | D:4      | Killed an ogre
  3125 | D:4      | Reached skill level 8 in Bows
  3182 | D:4      | Reached XP level 6. HP: 32/47 MP: 7/7
  3263 | D:4      | Reached skill level 9 in Bows
  3354 | D:4      | Found a glowing drain.
  3367 | Sewer    | Entered a sewer
  4178 | D:4      | Found an ancient bone altar of Kikubaaqudgha.
  4189 | D:4      | Reached skill level 10 in Bows
  4189 | D:4      | Reached XP level 7. HP: 36/52 MP: 8/8
  4596 | D:5      | Entered Level 5 of the Dungeon
  4671 | D:5      | Noticed Pikel
  4729 | D:5      | Slain by Pikel

Illustrated notes

Levels and vault maps discovered:
D:1:      wander_arrival_chamber, layout_loops_ring
D:2:      layout_loops_cross, dk_noncrumbling_2, minmay_octomino_e4
D:3:      layout_rooms
D:4:      layout_gridville, kennysheep_vampire_church, serial_shops,
          nicolae_shop_behind_doors, portal_sewer_entry_b
D:5:      layout_basic, minmay_temple_entry_nine_rooms, first_ration,
          uniq_duvessa, uniq_ijyb, uniq_pikel, uniq_eustachio

Skill      XL: |  1  2  3  4  5  6 |
---------------+-------------------+-----
Bows           | 3 4 5 7 8 10 | 10.5
Fighting       | |  1.0
Dodging        | |  1.3
Spellcasting   | |  1.0
Hexes          | |  2.6

Action                   |  1- 3 |  4- 6 |  7- 9 || total
-------------------------+-------+-------+-------++-------
Melee: Spear             |    85 |    83 |     9 ||   177
       Kick              |    13 |    11 |     1 ||    25
 Fire: Shortbow          |    36 |   130 |    48 ||   214
Throw: Javelin           |       |    19 |     2 ||    21
 Cast: Corona            |    19 |     1 |       ||    20
  Use: Scroll            |       |    10 |       ||    10
       Potion            |       |       |     1 ||     1
  Eat: Chunk             |     2 |     7 |       ||     9
Armor: Robe              |    26 |    70 |    15 ||   111
Dodge: Dodged            |    37 |    73 |    23 ||   133
